 Dungeon Crawl Stone Soup version 0.13-a0-2979-gb6a86b3 (webtiles) character file.

544 NoamChomsky the Carver (level 6, -8/52 HPs)
             Began as a Minotaur Fighter on Sept 7, 2013.
             Mangled by an ogre
             ... wielding a +0,+0 giant club
              (11 damage)
             ... on Level 4 of the Dungeon.
             The game lasted 00:13:18 (3710 turns).

NoamChomsky the Carver (Minotaur Fighter)           Turns: 3710, Time: 00:13:19

HP  -8/52        AC  6     Str 26      XL: 6   Next: 46%
MP   2/2         EV  7     Int  5      God:
Gold 164         SH 19     Dex  9      Spells:  0 memorised,  5 levels left

Res.Fire  : . . .   See Invis. : .   a - +1,+0 falchion
Res.Cold  : + . .   Warding    : .   b - +0 scale mail
Life Prot.: . . .   Conserve   : .   c - +0 shield
Res.Poison: .       Res.Corr.  : .   (helmet restricted)
Res.Elec. : .       Clarity    : .   (no cloak)
Sust.Abil.: . .     Spirit.Shd : .   (no gloves)
Res.Mut.  : .       Stasis     : .   (no boots)
Res.Rott. : .       Flight     : .   (no amulet)
Saprovore : . . .                    m - ring of protection from cold
                                     l - +3 ring of strength

@: slightly resistant to hostile enchantments, extremely unstealthy
A: retaliatory headbutt, horns 2
a: no special abilities


You were on level 4 of the Dungeon.
You were not hungry.

You visited 1 branch of the dungeon, and saw 4 of its levels.

You collected 144 gold pieces.

Inventory:

Hand weapons
 a - a +1,+0 falchion (weapon)
Armour
 b - a +0 scale mail (worn)
 c - a +0 shield (worn)
Comestibles
 d - 3 bread rations
 n - an apricot
Scrolls
 h - 2 scrolls of remove curse {unknown}
 k - 3 scrolls of enchant weapon I
Jewellery
 f - an uncursed ring of poison resistance {unknown}
 l - a +3 ring of strength (left hand)
 m - a ring of protection from cold (right hand)
Potions
 j - a potion of magic


   Skills:
 - Level 3.6 Fighting
 + Level 8.4 Long Blades
 - Level 3.6 Armour
 - Level 3.6 Shields


You had 5 spell levels left.
You didn't know any spells.

Dungeon Overview and Level Annotations

Branches:
Dungeon (4/27)
 Temple: D:4-7

Altars:
Nemelex Xobeh
the Shining One


Innate Abilities, Weirdness & Mutations

You reflexively headbutt those who attack you in melee.
You have a pair of horns on your head.


Message History

The ogre is moderately wounded.
You hit the ogre but do no damage.
The ogre is moderately wounded.
You block the ogre's attack.
You closely miss the ogre. Your headbutt misses the ogre.
The ogre is moderately wounded.
The ogre hits you with a giant club.
You hit the ogre but do no damage.
The ogre is moderately wounded.
You hit the ogre. Your headbutt misses the ogre.
The ogre is moderately wounded.
The ogre hits you with a giant club!
* * * LOW HITPOINT WARNING * * *
A jackal comes into view.
As you read the scroll labeled OBLUH IQAESM, it crumbles to dust.
You hear a loud clanging noise!
It was a scroll of noise.
The jackal barks!
You hear a shout!
You hear a shout!
The jackal moves out of view.
The ogre hits you with a giant club!
You die...

+ #.......#####..###
.#.#### #
#.##[..........####.#..
#
#.##.....#.............
#.###....#.##.##### ...
+...>.......... ...
#.........##.#. ###
#......$..##.#
#........[%....#
...!.....@O####
#.....###.........
≈≈≈≈≈≈ #.##....# .....
#.# ....# ...) ... ...#
.. ... ... ... ≈...#
...


You could see an ogre.

Vanquished Creatures
  A phantom (D:4)
  An ogre (D:4)
  A giant frog skeleton (D:4)
  An iguana (D:4)
  3 worker ants
  2 adders
  An inept item mimic (D:2)
  A worm (D:4)
  A giant gecko (D:1)
  2 oozes
  9 bats
  A bat skeleton (D:4)
  5 giant cockroaches
  4 hobgoblins
  8 kobolds
  A ball python (D:1)
  A giant newt (D:1)
  9 goblins
  6 jackals
  An orc skeleton (D:4)
  A quokka (D:2)
  3 rats (D:1)
63 creatures vanquished.

Notes
Turn   | Place    | Note
--------------------------------------------------------------
     0 | D:1      | NoamChomsky, the Minotaur Fighter, began the quest for the Orb.
     0 | D:1      | Reached XP level 1. HP: 19/19 MP: 0/0
   335 | D:1      | Reached XP level 2. HP: 20/26 MP: 0/0
   998 | D:2      | Reached skill level 4 in Long Blades
  1008 | D:2      | Found a glowing golden altar of the Shining One.
  1008 | D:2      | Found a sparkling altar of Nemelex Xobeh.
  1082 | D:2      | Reached XP level 3. HP: 31/33 MP: 1/1
  1540 | D:2      | Reached skill level 5 in Long Blades
  1799 | D:3      | Reached XP level 4. HP: 33/39 MP: 1/1
  2213 | D:3      | Found a glowing golden altar of the Shining One.
  3069 | D:4      | Reached skill level 6 in Long Blades
  3083 | D:4      | Reached XP level 5. HP: 41/46 MP: 1/1
  3414 | D:4      | Reached skill level 7 in Long Blades
  3423 | D:4      | Noticed an ogre
  3424 | D:4      | Noticed a phantom
  3430 | D:4      | Killed an ogre
  3430 | D:4      | Reached XP level 6. HP: 29/52 MP: 2/2
  3455 | D:4      | Killed a phantom
  3455 | D:4      | Reached skill level 8 in Long Blades
  3700 | D:4      | Noticed an ogre
  3709 | D:4      | HP: 2/52 [ogre/giant club (20)]
  3710 | D:4      | Mangled by an ogre

Action                   |  1- 3 |  4- 6 || total
-------------------------+-------+-------++-------
Melee: Falchion          |   117 |    84 ||   201
  Use: Scroll            |       |     9 ||     9
       Potion            |       |     1 ||     1
